 Dungeon Crawl Stone Soup version 0.29-a0-275-g389c0b56f3 (webtiles) character file.

Game seed: 10671335537406237692

32 MixedWithMadness the Skirmisher (level 3, 0/29 HPs)
             Began as a Human Fighter on Mar 12, 2022.
             Slain by Terence
             ... wielding a +0 mace
              (8 damage)
             ... on level 2 of the Dungeon.
             The game lasted 00:01:21 (1317 turns).

MixedWithMadness the Skirmisher (Human Fighter)     Turns: 1317, Time: 00:01:21

Health: 0/29       AC:  6    Str: 18    XL:     3   Next: 45%
Magic:  3/3        EV:  9    Int:  8    God:
Gold:   131        SH:  5    Dex: 18    Spells: 2/2 levels left

rFire   . . .      SeeInvis .   a - +0 trident
rCold   . . .      Faith    .   c - +0 buckler
rNeg    . . .      Spirit   .   b - +0 scale mail
rPois   .          Reflect  .   (no helmet)
rElec   .          Harm     .   (no cloak)
rCorr   .          Rampage  .   (no gloves)
Will    .....                   (no boots)
Stlth   ..........              (no amulet)
HPRegen 0.09/turn               e - +6 ring of dexterity
MPRegen 0.08/turn               (no ring)

@: mighty
A: no striking features
a: no special abilities


You were on level 2 of the Dungeon.
You visited 1 branch of the dungeon, and saw 2 of its levels.

You collected 131 gold pieces.

Inventory:

Hand Weapons
 a - a +0 trident (weapon)
Armour
 b - a +0 scale mail (worn)
 c - a +0 buckler (worn)
Jewellery
 e - a +6 ring of dexterity (left hand)
 i - an amulet of magic regeneration
Scrolls
 f - a scroll of teleportation {unknown}
 h - a scroll of fog {unknown}
 k - a scroll of blinking {unknown}
 l - a scroll of amnesia {unknown}
 m - 3 scrolls of identify {unknown}
 o - a scroll of immolation {unknown}
Potions
 g - 2 potions of ambrosia {unknown}
 j - a potion of lignification {unknown}
 n - a potion of cancellation {unknown}


   Skills:
 + Level 3.5 Fighting
 + Level 2.5 Polearms
 + Level 3.2 Armour
 + Level 3.2 Shields


You had 2 spell levels left.
You didn't know any spells.
Your spell library was empty.

Dungeon Overview and Level Annotations

Branches:
Dungeon (2/15)

Altars:

Annotations:
D:2 Terence


Message History

Terence shouts!
You hit Terence.
Terence is moderately wounded.
Terence hits you but does no damage.
You closely miss Terence.
Terence is lightly wounded.
Terence asks, "Do you want it fast or slow?"
Terence barely misses you.
You barely miss Terence.
Terence is lightly wounded.
Terence hits you with a +0 mace! You block Terence's attack.
You closely miss Terence.
Terence is lightly wounded.
You block Terence's attack.
You hit Terence.
Terence is moderately wounded.
You block Terence's attack.
You closely miss Terence.
Terence is moderately wounded.
Terence hits you but does no damage.
You barely miss Terence.
Terence is moderately wounded.
You block Terence's attack.
You barely miss Terence.
Terence is moderately wounded.
Terence hits you with a +0 mace. x2
You hit Terence.
Terence is heavily wounded.
Terence says, "Rest in peace."
Terence hits you but does no damage.
You barely miss Terence.
Terence is heavily wounded.
Terence hits you with a +0 mace.
* * * LOW HITPOINT WARNING * * *
You closely miss Terence.
Terence is heavily wounded.
Terence barely misses you.
You feel very mighty all of a sudden. Terence hits you with a +0 mace!
You die...

#.. #.# #.########## ##
#......)...# .#
#..........# .#
#..........######. .#
#.................
.#####...........######
.....#.#########@#
.#.#.#.# #@# .#.#.#.#
#.# .#.#.#.# #.#
.#...#.# #.#
.##.(#.#########+#
.##..#.##........
####.#.##........
.........>.......


You could see Terence.

Vanquished Creatures
  2 dart slugs (D:1)
  An endoplasm (D:1)
  2 giant cockroaches (D:1)
  3 hobgoblins
  A quokka (D:1)
  4 ball pythons
  7 bats
  A frilled lizard (D:2)
  A goblin (D:1)
  4 kobolds
  2 rats (D:1)
28 creatures vanquished.

Notes
Turn   | Place    | Note
-------+----------+-------------------------------------------
     0 | D:1      | MixedWithMadness the Human Fighter began the quest for the
                  | Orb.
     0 | D:1      | Reached XP level 1. HP: 18/18 MP: 1/1
   320 | D:1      | Reached XP level 2. HP: 24/24 MP: 2/2
   673 | D:1      | Reached XP level 3. HP: 29/29 MP: 3/3
  1303 | D:2      | Noticed Terence
  1317 | D:2      | Slain by Terence

Illustrated notes

Levels and vault maps discovered:
D:1:      minmay_arrival_solitary_statue, layout_basic
D:2:      layout_basic, minmay_heptomino_w4, uniq_terence

Action                   || total
-------------------------++-------
Melee: Trident           ||    87
  Use: Potion            ||     1
Armor: Scale mail        ||    30
Dodge: Dodged            ||    33
Block: Buckler           ||    21

Table legend: (Time is in decaauts)
 A = Elapsed time spent in this place.
 B = Non-inter-level travel time spent in this place.
 C = Inter-level travel time spent in this place.
 D = Time resting spent in this place.
 E = Time spent auto-exploring this place.
 F = Levels seen in this place.
 G = Mean time per level.
                   A        B        C        D        E       F      G
               +--------+--------+--------+--------+--------+-----+--------+
         Total |   1336 |   1308 |     28 |      0 |   1105 |   2 |  668.0 |
       Dungeon |   1336 |   1308 |     28 |      0 |   1105 |   2 |  668.0 |
               +--------+--------+--------+--------+--------+-----+--------+

Top non-repeatable levels by time:
     D:1: 959 daAuts
     D:2: 376 daAuts
